Map: Simulacrum LE

Players

INnoVation - Winner!

  • Race: Terran Terran
  • Spawn Location: 11:00

SKillous

  • Race: Protoss Protoss
  • Spawn Location: 5:00

Event: IEM Katowice 2020

VOD

Have the link to the VOD?

Description

Time

  • Played on: Feb. 24, 2020, 11:03 a.m.
  • Length: 8:42

All games in this series

Show
View Real Time Build Order
Export as new Build Order

INnoVation Terran - Winner!

Build Orders: Reaper Expand 

Get SALT Encoding   

  12  0:00  SCV  
  13  0:12  SCV  
  14  0:17  Supply Depot  
  14  0:24  SCV  
  15  0:38  SCV  
  15  0:39  Barracks  
  16  0:43  Refinery  
  16  0:50  SCV  
  17  1:03  SCV  
  18  1:15  SCV  
  19  1:26  Reaper  
  19  1:27  Orbital Command  
  20  1:50  Command Center  
  20  1:53  SCV  
  21  1:57  Supply Depot  
  21  1:58  Marine  
  22  2:05  SCV  
  23  2:09  Factory  
  23  2:14  Refinery  
  23  2:18  SCV  
  23  2:20  Barracks Reactor  
  24  2:30  SCV  
  25  2:43  SCV  
  26  2:53  Starport  
  26  2:54  Widow Mine  
  26  2:56  SCV, Marine x2  
  31  3:01  Orbital Command  
  31  3:08  SCV  
  32  3:14  Marine x2  
  32  3:16  Widow Mine  
  36  3:21  SCV  
  36  3:23  Supply Depot  
  37  3:29  SCV  
  37  3:30  Medivac  
  37  3:32  Marine  
  37  3:33  SCV  
  42  3:37  Widow Mine  
  44  3:43  SCV  
  44  3:45  SCV, Supply Depot  
  46  3:49  Marine  
  46  3:50  Marine  
  46  3:55  SCV  
  49  3:57  SCV  
  49  4:00  Starport Tech Lab, Factory Tech Lab  
  49  4:02  Bunker  
  49  4:07  SCV, Marine  
  49  4:08  Marine  
  49  4:09  SCV  
  53  4:12  Supply Depot  
  53  4:19  Siege Tank  
  53  4:21  SCV x2  
  58  4:24  Supply Depot  
  58  4:25  Marine x2  
  58  4:30  Raven  
  62  4:35  SCV x2  
  64  4:46  Command Center  
  64  4:48  SCV x2  
  62  5:00  SCV  
  62  5:01  SCV, Refinery  
  62  5:02  Barracks, Refinery  
  62  5:13  SCV x2, Barracks  
  64  5:16  Engineering Bay  
  64  5:17  Engineering Bay  
  64  5:24  Marine, Stimpack  
  64  5:25  SCV x2  
  64  5:26  Factory Reactor, Starport Reactor  
  67  5:28  Barracks  
  67  5:34  Barracks  
  67  5:37  SCV x2  
  71  5:42  Terran Infantry Weapons Level 1  
  71  5:43  Marauder, Terran Infantry Armor Level 1  
  71  5:49  SCV x2  
  73  5:50  Combat Shield  
  73  5:51  Marauder  
  75  5:59  Orbital Command  
  75  6:01  SCV x2  
  77  6:05  Marine x2, Marauder  
  77  6:06  Medivac  
  83  6:12  Supply Depot, Marauder  
  83  6:14  Medivac  
  83  6:18  Orbital Command  
  87  6:20  SCV x2  
  87  6:22  Barracks Tech Lab  
  89  6:28  Marine x2  
  89  6:29  Marauder  
  93  6:33  Marine x2, SCV x2, Supply Depot  
  93  6:34  Supply Depot, Marauder  
  99  6:45  SCV x2  
  101  6:55  Marine x4, SCV, Medivac x2, Marauder x2  
  101  6:56  Marauder  
  101  7:00  Supply Depot  
  101  7:01  Supply Depot  
  114  7:10  Concussive Shells  
  114  7:11  SCV x3  
  114  7:13  Supply Depot  
  114  7:15  Supply Depot  
  117  7:19  Marauder  
  117  7:21  Marine x3  
  117  7:22  Marine, Marauder x2  
  125  7:27  Medivac x2  
  124  7:39  Marine x4  
  124  7:40  Marauder  
  124  7:42  SCV x3  
  124  7:43  Refinery, Marauder x2  
  124  7:44  Supply Depot x2, Refinery  
  137  7:45  Armory  
  137  7:57  Medivac x2  
  141  8:01  Marauder  
  141  8:02  Marine  
  141  8:03  Marine x3  
  141  8:05  Marauder x2  
  123  8:20  Marine x2  
  123  8:21  Marine x2, SCV x2  
  123  8:22  SCV  
Show
View Real Time Build Order
Export as new Build Order

SKillous Protoss 

Build Orders: 1 Gate Expand, Colossus Rush 

Get SALT Encoding   

  12  0:00  Probe  
  13  0:12  Probe  
  14  0:17  Pylon  
  14  0:25  Probe  
  15  0:36  Gateway  
  15  0:37  Probe (Chrono Boost)  
  16  0:46  Probe (Chrono Boost)  
  16  0:47  Assimilator  
  17  0:51  Probe (Chrono Boost)  
  18  1:03  Probe  
  19  1:15  Probe  
  20  1:23  Nexus  
  20  1:33  Cybernetics Core  
  20  1:35  Probe  
  21  1:40  Assimilator  
  21  1:47  Probe  
  21  1:51  Pylon  
  22  1:59  Probe  
  23  2:07  Stalker (Chrono Boost)  
  23  2:11  Probe, Warp Gate  
  26  2:24  Probe (Chrono Boost)  
  26  2:29  Sentry (Chrono Boost)  
  27  2:36  Probe (Chrono Boost)  
  30  2:42  Probe (Chrono Boost)  
  31  2:45  Probe (Chrono Boost)  
  31  2:48  Robotics Facility  
  31  2:49  Probe (Chrono Boost)  
  31  2:50  Probe  
  32  2:56  Stalker  
  35  3:00  Probe (Chrono Boost)  
  35  3:04  Probe (Chrono Boost)  
  37  3:12  Probe (Chrono Boost)  
  38  3:19  Probe (Chrono Boost)  
  40  3:20  Probe (Chrono Boost), Gateway  
  40  3:23  Gateway  
  40  3:26  Probe x2  
  42  3:34  Pylon  
  42  3:38  Probe (Chrono Boost)  
  43  3:43  Probe (Chrono Boost), Assimilator  
  43  3:45  Assimilator  
  43  3:46  Observer  
  45  3:49  Probe (Chrono Boost)  
  45  3:53  Probe (Chrono Boost)  
  45  3:54  Probe (Chrono Boost)  
  47  4:02  Probe  
  47  4:03  Robotics Bay  
  47  4:05  Probe (Chrono Boost), Forge  
  47  4:07  Observer  
  50  4:15  Probe (Chrono Boost)  
  52  4:23  Probe (Chrono Boost), Pylon  
  53  4:24  Probe (Chrono Boost)  
  53  4:29  Observer  
  54  4:32  Protoss Ground Weapons Level 1 (Chrono Boost)  
  54  4:35  Pylon  
  54  4:41  Probe x2  
  56  4:46  Stalker  
  56  4:47  Stalker x2  
  57  4:53  Probe x2, Colossus (Chrono Boost)  
  64  5:05  Probe  
  66  5:08  Observer  
  65  5:14  Nexus  
  65  5:16  Probe  
  65  5:18  Probe  
  65  5:21  Sentry  
  69  5:22  Pylon  
  69  5:26  Pylon  
  69  5:34  Observer  
  69  5:35  Observer  
  69  5:40  Colossus (Chrono Boost)  
  75  5:43  Probe x2  
  75  5:49  Twilight Council  
  77  5:50  Forge  
  77  5:55  Probe x2  
  79  6:07  Probe x2  
  81  6:11  Gateway x2  
  81  6:16  Gateway  
  81  6:21  Probe (Chrono Boost)  
  81  6:22  Probe (Chrono Boost)  
  81  6:25  Charge, Protoss Ground Armor Level 1  
  82  6:27  Probe (Chrono Boost)  
  85  6:36  Probe x2 (Chrono Boost)  
  85  6:37  Probe (Chrono Boost)  
  92  6:45  Stalker  
  92  6:48  Probe  
  92  6:50  Probe  
  92  6:52  Probe  
  95  6:58  Stalker  
  95  7:00  Probe  
  98  7:02  Probe  
  98  7:03  Stalker  
  101  7:11  Pylon x2  
  101  7:18  Colossus  
  101  7:22  Pylon  
  99  7:27  Pylon, Assimilator  
  99  7:29  Probe x3, Pylon, Assimilator  
  102  7:30  Pylon  
  102  7:35  Stalker  
  102  7:36  Stalker x2  
  108  7:39  Pylon  
  108  7:41  Probe  
  109  7:48  Probe, Sentry  
  111  7:53  Pylon  
  111  7:56  Probe  
  111  7:58  Probe, Pylon  
  113  8:03  Stalker x3  
  113  8:04  Stalker  
  113  8:08  Zealot  
  113  8:09  Probe  
  113  8:11  Probe  
  98  8:13  Zealot  
  84  8:23  Probe  
  84  8:24  Probe  
  86  8:29  Zealot x5  
  86  8:32  Gateway  
  95  8:34  Sentry  

Tags
 
Add a new tag
Caveats
  • Supply blocks, unpowered buildings, or Contaminate may cause inaccurate times.
  • Supply counts are checked every 10 seconds.